 Dungeon Crawl Stone Soup version 0.31-a0-1104-g3bd3108e02 (webtiles) character file.

Game seed: 9940784386819314068

2972067 inmateoo the Skullcrusher (level 27, 192/192 HPs)
             Began as a Gargoyle Fighter on Dec 2, 2023.
             Was the Champion of the Shining One.
             Escaped with the Orb
             ... and 5 runes!
             The game lasted 01:45:23 (77797 turns).

inmateoo the Skullcrusher (Gargoyle Fighter)       Turns: 77797, Time: 01:45:23

Health: 192/192    AC: 62    Str: 32    XL:     27
Magic:  37/37      EV: 21    Int: 11    God:    the Shining One [******]
Gold:   8821       SH: 21    Dex: 27    Spells: 26/26 levels left

rFire   + + +        E - +9 morningstar (holy)
rCold   + + +        c - +2 shield of Resistance {rF++ rC++ Will++}
rNeg    + + +        S - +3 crystal plate armour {rC+}
rPois   ∞            r - -2 hat of the Alchemist {rElec rPois rF+ rC+ rN+ Will+ rMut rCorr}
rElec   +            N - +2 cloak {Will+}
rCorr   +            R - +2 pair of gloves {Str+3}
SInv    .            U - +2 pair of boots
Will    +++++        K - amulet of regeneration Stlth
                     Y - ring "Rouch" {Str+3 Dex+6 Stlth+}
HPRegen 1.32/turn    i - ring of Gauch {rN+ Str+6 Dex+2}
MPRegen 0.25/turn

%: resist mutation
@: flying, glowing, studying Fire Magic
A: sickness immunity, AC +20, big wings, negative energy resistance 1,
electricity resistance, torment resistance 1, petrification resistance, talons
1, weak 1, wild magic 1
0: Orb of Zot
}: 5/15 runes: decaying, slimy, silver, abyssal, gossamer
a: Renounce Religion, Divine Shield, Cleansing Flame, Summon Divine Warrior


You escaped.
You worshipped the Shining One.
The Shining One was exalted by your worship.
You visited 11 branches of the dungeon, and saw 55 of its levels.
You visited the Abyss 2 times.
You visited 1 bazaar.
You also visited: Trove, Ice Cave and Wizlab.

You collected 12280 gold pieces.
You spent 3459 gold pieces at shops.

Inventory:

Hand Weapons
 E - a +9 morningstar of holy wrath (weapon)
Missiles
 a - 2 throwing nets (quivered)
Armour
 c - the +2 shield of Resistance (worn) {rF++ rC++ Will++}
   (You found it on level 3 of the Lair of Beasts)

   rF++:      It greatly protects you from fire.
   rC++:      It greatly protects you from cold.
   Will++:    It greatly increases your willpower.
 r - the -2 hat of the Alchemist (worn) {rElec rPois rF+ rC+ rN+ Will+ rMut rCorr}
   (You found it in a wizard's laboratory)

   rF+:       It protects you from fire.
   rC+:       It protects you from cold.
   rElec:     It insulates you from electricity.
   rPois:     It protects you from poison rN+: It protects you from negative
   energy.
   Will+:     It increases your willpower.
   rCorr:     It protects you from acid and corrosion.
   rMut:      It protects you from mutation.
 N - a +2 cloak of willpower (worn)
 R - a +2 pair of gloves of strength (worn)
 S - a +3 crystal plate armour of cold resistance (worn)
 U - a +2 pair of boots (worn)
Jewellery
 e - the ring of Divine Compulsion {+Blink Str+3 Slay+4}
   (You found it on level 3 of the Realm of Zot)

   [ring of slaying]

   Str+3:     It affects your strength (+3).
   Slay+4:    It affects your accuracy & damage with ranged weapons and melee
   (+4).
   +Blink:    It lets you blink.
 i - the ring of Gauch (right hand) {rN+ Str+6 Dex+2}
   (You found it on level 1 of the Spider Nest)

   [ring of positive energy]

   Str+6:     It affects your strength (+6).
   Dex+2:     It affects your dexterity (+2).
   rN+:       It protects you from negative energy.
 n - an amulet of magic regeneration
 K - an amulet of regeneration (around neck)
 Y - the ring "Rouch" (left hand) {Str+3 Dex+6 Stlth+}
   (You acquired it on level 2 of the Depths)

   [ring of dexterity]

   Str+3:     It affects your strength (+3).
   Dex+6:     It affects your dexterity (+6).
   Stlth+:    It makes you more stealthy.
Wands
 m - a wand of charming (35)
 v - a wand of flame (98)
 B - a wand of iceblast (64)
 H - a wand of digging (23)
 O - a wand of mindburst (34)
 T - a wand of polymorph (18)
 W - a wand of acid (20)
Scrolls
 b - 5 scrolls of immolation
 j - 4 scrolls of blinking
 o - 22 scrolls of teleportation
 s - a scroll of revelation
 w - 4 scrolls of enchant weapon
 y - 36 scrolls of identify
 z - 7 scrolls of brand weapon
 A - 6 scrolls of butterflies
 D - 3 scrolls of vulnerability
 G - 13 scrolls of fear
 L - 6 scrolls of amnesia
 P - 11 scrolls of poison
 V - 8 scrolls of fog
Potions
 d - 11 potions of might
 f - 13 potions of brilliance
 g - 7 potions of enlightenment
 h - 2 potions of berserk rage
 k - 9 potions of ambrosia
 l - 3 potions of magic
 p - 10 potions of haste
 q - 3 potions of heal wounds
 t - 22 potions of mutation
 u - 4 potions of cancellation
 x - 22 potions of curing
 F - 10 potions of resistance
 I - 8 potions of lignification
 M - 6 potions of attraction


   Skills:
 + Level 24.9 Fighting
 O Level 27 Maces & Flails
 + Level 23.0 Armour
 + Level 17.5 Dodging
 + Level 22.3 Shields
 + Level 21.3 Invocations
 - Level 4.0 Evocations


You had 26 spell levels left.
You didn't know any spells.
Your spell library contained the following spells:

 Spells                   Type           Power      Damage    Failure   Level
 Apportation              Tloc           0%         N/A       97%         1
 Freeze                   Ice            0%         1d3       97%         1
 Kiss of Death            Conj/Necr      0%         2d5       97%         1
 Necrotise                Necr           0%         1d4       97%         1
 Sting                    Tmut/Pois      0%         1d3       97%         1
 Summon Small Mammal      Summ           0%         N/A       97%         1
 Blink                    Tloc           0%         N/A       99%         2
 Ensorcelled Hibernation  Hex/Ice        0%         N/A       99%         2
 Jinxbite                 Hex            0%         N/A       99%         2
 Lesser Beckoning         Tloc           0%         N/A       99%         2
 Passwall                 Tmut/Erth      0%         N/A       99%         2
 Poisonous Vapours        Pois/Air       0%         N/A       99%         2
 Scorch                   Fire           0%         2d5       99%         2
 Static Discharge         Conj/Air       0%         3-3/arc   99%         2
 Wereblood                Tmut           0%         N/A       99%         2
 Call Canine Familiar     Summ           0%         N/A       100%        3
 Confusing Touch          Hex            0%         N/A       100%        3
 Dazzling Flash           Conj/Hex       0%         N/A       100%        3
 Frozen Ramparts          Ice            0%         1d1       100%        3
 Gell's Gravitas          Tloc           0%         N/A       100%        3
 Hailstorm                Conj/Ice       0%         3d3       100%        3
 Ignite Poison            Fire/Tmut/Pois 0%         N/A       100%        3
 Inner Flame              Hex/Fire       0%         N/A       100%        3
 Mephitic Cloud           Conj/Pois/Air  0%         N/A       100%        3
 Ozocubu's Armour         Ice            0%         N/A       100%        3
 Summon Guardian Golem    Hex/Summ       0%         N/A       100%        3
 Swiftness                Air            0%         N/A       100%        3
 Teleport Other           Tloc           0%         N/A       100%        3
 Tukima's Dance           Hex            0%         N/A       100%        3
 Volatile Blastmotes      Fire/Tloc      0%         2d10      100%        3
 Airstrike                Air            0%         2d(0-16)  100%        4
 Animate Armour           Summ/Erth      0%         N/A       100%        4
 Brom's Barrelling Bould  Conj/Erth      0%         2d3       100%        4
 Dimensional Bullseye     Hex/Tloc       0%         N/A       100%        4
 Dispel Undead            Necr           0%         3d6       100%        4
 Flame Wave               Conj/Fire      0%         2d4       100%        4
 Fulminant Prism          Conj/Hex       0%         3d5       100%        4
 Iskenderun's Mystic Bla  Conj/Tloc      0%         2d3       100%        4
 Leda's Liquefaction      Hex/Erth       0%         N/A       100%        4
 Manifold Assault         Tloc           0%         N/A       100%        4
 Olgreb's Toxic Radiance  Pois           0%         N/A       100%        4
 Passage of Golubria      Tloc           0%         N/A       100%        4
 Petrify                  Tmut/Erth      0%         N/A       100%        4
 Sticky Flame             Conj/Fire      0%         2d3       100%        4
 Summon Ice Beast         Ice/Summ       0%         N/A       100%        4
 Summon Lightning Spire   Summ/Air       0%         N/A       100%        4
 Alistair's Intoxication  Tmut/Pois      0%         N/A       100%        5
 Fireball                 Conj/Fire      0%         3d3       100%        5
 Freezing Cloud           Conj/Ice/Air   0%         6-21      100%        5
 Iskenderun's Battlesphe  Conj           0%         2d6       100%        5
 Lee's Rapid Deconstruct  Erth           0%         3d4*      100%        5
 Metabolic Englaciation   Hex/Ice        0%         N/A       100%        5
 Silence                  Hex/Air        0%         N/A       100%        5
 Summon Forest            Summ/Tloc      0%         N/A       100%        5
 Summon Mana Viper        Hex/Summ       0%         N/A       100%        5
 Yara's Violent Unravell  Hex/Tmut       0%         3d3       100%        5
 Bombard                  Conj/Erth      0%         9d1       100%        6
 Conjure Ball Lightning   Conj/Air       0%         3x3d6     100%        6
 Dispersal                Tloc           0%         N/A       100%        6
 Eringya's Noxious Bog    Tmut/Pois      0%         4d6       100%        6
 Simulacrum               Ice/Necr       0%         N/A       100%        6
 Starburst                Conj/Fire      0%         6d3       100%        6
 Summon Cactus Giant      Summ           0%         N/A       100%        6
 Enfeeble                 Hex            0%         N/A       100%        7
 Monstrous Menagerie      Summ           0%         N/A       100%        7
 Orb of Destruction       Conj           0%         9d5       100%        7
 Ozocubu's Refrigeration  Ice            0%         4d7       100%        7
 Spellforged Servitor     Conj/Summ      0%         N/A       100%        7
 Summon Hydra             Summ           0%         N/A       100%        7
 Discord                  Hex            0%         N/A       100%        8
 Disjunction              Tloc           0%         N/A       100%        8
 Lehudib's Crystal Spear  Conj/Erth      0%         10d2      100%        8
 Maxwell's Capacitive Co  Air            0%         ∞         100%        8
 Polar Vortex             Ice            0%         N/A       100%        9
 Cigotuvi's Dreadful Rot  Necr/Pois/Air  Unusable   N/A       N/A         2
 Sublimation of Blood     Necr           Unusable   N/A       N/A         2

Dungeon Overview and Level Annotations

Branches:
Dungeon (15/15)            Temple (0/1) D:7            Lair (5/5) D:10
  Swamp (4/4) Lair:2       Spider (4/4) Lair:2        Slime (5/5) Lair:4
    Orc (2/2) D:10            Elf (3/3) Orc:2        Vaults (5/5) D:13
  Crypt (3/3) Vaults:2       Tomb (0/3) Crypt:3      Depths (4/4) D:15
    Zot (5/5) Depths:4      IceCv (visited)          WizLab (visited)

Altars:
Ashenzari
Fedhas
Hepliaklqana
Kikubaaqudgha
Makhleb
Nemelex Xobeh
Qazlal
Ru
Sif Muna
Vehumet
Zin
The Shining One
Jiyva

Shops:
D:4 =   D:7 (   Orc:1 !   Orc:2 *?**   Elf:3 (?*![   Vaults:1 ==[[
Vaults:2 *!=*:   Vaults:3 [*(   Vaults:4 [   Depths:1 *

Portals:
Hell: Depths:1 Depths:2 Depths:3 Depths:4
Abyss: Depths:2 Depths:3 Depths:4
Pandemonium: Depths:2
Ziggurat: Depths:2

Annotations:
D:7 2 transporters
Lair:4 1 runed translucent door, Noful's ghost, journeyman TrFi
Zot:3 1 transporter


Innate Abilities, Weirdness & Mutations

You are immune to sickness and miasma.
Your stone body is resilient. (AC +20)
You are immune to poison.
Your large and strong wings let you fly.
You resist negative energy. (rN+)
You are resistant to electric shocks. (rElec)
You are resistant to unholy torment.
You are immune to petrification.
You have sharp toenails.
You are weak. (Str -2)
Your spells are a little harder to cast, but a little more powerful.


Message History

You destroy the lich!
The Shining One accepts your kill.
The golden flame engulfs the lich!!!
The lich writhes in agony!
The lich is heavily damaged.
You block Acok's attack. Acok hits you but does no damage.
You block the lich's attack.
Activating: Cleansing Flame (0% risk of failure)
Press: ? - help, Dir - look around, f - activate The golden flame engulfs you but does no damage.
You resist.
The golden flame engulfs Acok!!!
Acok writhes in agony!
Acok is almost dead.
The golden flame engulfs the lich!!!
The lich writhes in agony!
You destroy the lich!
The Shining One accepts your kill.
You feel your power returning. Acok completely misses you.
You bludgeon Acok!!
You kill Acok!
The Shining One accepts your kill.
You feel your power returning.
No target in view!
There is a stone staircase leading up here.
You fly upwards.
There is a stone staircase leading down here.
There is a stone staircase leading up here.
You fly upwards.
There is a stone staircase leading down here.
Magic restored.
There is a stone staircase leading up here.
You fly upwards.
There is a stone staircase leading down here.
There is a stone staircase leading up here.
You fly upwards.
There is a stone staircase leading down here.
Press: ? - help, v - describe, . - travel A stone staircase leading down.
This square is lit by a halo and is covered in magical glow.
You reach down and open the door.
There is an open door here.
There is a staircase leading out of the dungeon here.
You have escaped!

##.######.##.#.....#...# #...##
##.######.##.#.....#...# #...##
####.........#.....#...# #...##
##...#####..##.....#...# ##....#
...### ##.##.....#...# #.....#
.### ##..#.....##### #.....#
.###### #...##...### #......
......####...P##.##P# #....#.
......#......P§#@#§P# ######.
........##...P.###.P# ##
......####...P..#..P# #
......######...##.^## #
..(.......#######.###############
......###........................
......# #########################
......# #######


There were no monsters in sight!

Vanquished Creatures
  the Royal Jelly (Slime:5)
  A seraph (Zot:4)
  A dread lich (Zot:5)
  8 orbs of fire
  Mennas (Crypt:3)
  6 ancient liches
  Mara (Depths:3)
  2 Killer Klowns (Zot:5)
  Frederick (Depths:3)
  3 pandemonium lords
  A shard shrike (IceCv)
  Margery (Depths:4)
  A curse toe (Zot:5)
  Jory (Crypt:3)
  8 golden dragons
  A mutant beast (WizLab)
  4 electric golems
  2 profane servitors
  2 doom hounds (Crypt:1)
  A Brimstone Fiend (Zot:2)
  7 bone dragons
  Zenata (Elf:2)
  16 tentacled monstrosities
  5 liches
  24 Orb Guardians (Zot:5)
  Asterion (Elf:1)
  A deep elf blademaster (Elf:2)
  Grunn (Crypt:1)
  2 shard shrike skeletons (Crypt:2)
  A Hell Sentinel (D:15)
  5 sphinxes
  6 quicksilver dragons
  A deep elf master archer (Elf:3)
  7 titans
  8 ancient champions
  7 death cobs
  A tentacled starspawn (Abyss:4)
  24 acid blobs
  12 storm dragons
  8 shadow dragons
  4 tengu reavers
  6 draconian monks
  A thorn hunter (Swamp:3)
  A daeva (Zot:4)
  3 revenants
  Aizul (Crypt:1)
  19 azure jellies
  4 fire giants
  10 rockslimes
  3 fenstrider witches
  5 draconian knights
  8 deep elf sorcerers
  21 vault wardens
  8 frost giants
  9 draconian scorchers
  3 iron dragons (Depths:3)
  6 emperor scorpions
  10 deep elf elementalists
  10 ghost moths
  5 draconian shifters
  A curse skull (Crypt:2)
  A ghoul (Crypt:3)
  A broodmother (Spider:3)
  An angel (Zot:4)
  2 caustic shrike skeletons
  17 very ugly things
  8 draconian stormcallers
  14 formless jellyfish
  3 war gargoyles
  3 orc warlords
  2 draconian annihilators
  A demonspawn blood saint (Depths:2)
  18 ironbound preservers
  The ghost of dannycarnage the Spry, an adept FeSu of Gozag (Spider:1)
  11 ironbound thunderhulks
  17 quicksilver oozes
  15 stone giants
  12 vampire knights
  7 deep elf demonologists
  7 eleionomae
  2 juggernaut skeletons
  Nessos (D:15)
  11 green draconians
  10 black draconians
  A demonspawn black sun (Depths:2)
  7 deep elf annihilators
  13 spark wasps
  13 red draconians
  11 yellow draconians
  17 dire elephants
  Snorg (D:13)
  21 purple draconians
  8 deep elf death magi
  3 bunyips
  7 eidola
  13 white draconians
  21 ettins
  23 jiangshi
  2 crystal guardians (Vaults:3)
  An entropy weaver (shapeshifter) (Vaults:1)
  Josephine (D:15)
  8 fire dragons
  6 entropy weavers
  11 yaktaur captains
  A merfolk impaler (Depths:1)
  A quicksilver dragon skeleton (Crypt:2)
  A mummy priest (Crypt:2)
  8 deep elf high priests
  7 ice dragons
  A shambling mangrove (Swamp:1)
  A spriggan zombie (Crypt:2)
  2 peacekeepers
  A pearl dragon skeleton (Crypt:2)
  A rakshasa (Depths:1)
  A salamander tyrant (Depths:2)
  9 great orbs of eyes
  Erolcha (Orc:1)
  6 alligators
  7 radroaches
  18 ironbound frosthearts
  3 ogre magi
  18 hydras
  38 vault guards
  Erica (D:8)
  5 ghost crabs
  2 catoblepae
  11 centaur warriors
  A hell beast (Depths:2)
  2 merfolk aquamancers
  13 two-headed ogres
  3 spriggan air magi
  7 boulder beetles
  5 death yaks
  2 spriggan skeletons
  26 dancing weapons
  A hell hog (Depths:2)
  A sphinx skeleton (Depths:2)
  10 deep troll earth magi
  7 deep troll shamans
  4 death knights
  3 occultists
  5 spriggan berserkers
  6 vampire magi
  5 orc high priests
  4 thrashing horrors (Abyss:4)
  8 tengu warriors
  Urug (Lair:3)
  A storm dragon zombie (Vaults:5)
  10 demonic crawlers
  3 soul eaters
  8 iron trolls
  3 wretched stars (Abyss:4)
  20 spriggans
  17 deep elf knights
  5 hell knights
  A sixfirhy (Abyss:4)
  2 skysharks (Lair:4)
  47 skeletal warriors
  8 pharaoh ants
  5 goliath frogs
  A cherub (Zot:4)
  7 shadow wraiths
  4 spriggan druids
  A golden dragon zombie (Vaults:4)
  11 orb spiders
  52 deep trolls
  8 flayed ghosts
  2 death drakes (shapeshifter)
  12 swamp dragons
  11 deep elf archers
  A spectral anaconda (Crypt:2)
  A golden dragon skeleton (Crypt:2)
  An orange crystal statue (IceCv)
  2 lindwurms (shapeshifter)
  15 large abominations
  8 bog bodies
  14 orc knights
  6 arcanists
  6 steelbarb worms
  7 glowing orange brains
  9 lindwurms
  31 ironbound convokers
  30 deep elf zephyrmancers
  8 necromancers
  6 phantasmal warriors
  A human zombie (Vaults:4)
  37 deep elf pyromancers
  A tengu skeleton (Vaults:5)
  A harpy (Vaults:2)
  3 orc sorcerers (Orc:2)
  15 wolf spiders
  49 ugly things
  A cyclops (shapeshifter) (WizLab)
  2 oklob plants (D:10)
  3 shining eyes
  A shadow dragon skeleton (Vaults:5)
  4 will-o-the-wisps
  5 manticores
  A salamander (Depths:2)
  7 cyclopes
  2 apis skeletons (Crypt:2)
  4 elephants
  5 black mambas
  A kobold blastminer (Orc:2)
  An eleionoma skeleton (Crypt:1)
  A dire elephant zombie (Crypt:1)
  2 water nymphs (Depths:2)
  2 guardian serpents (shapeshifter) (WizLab)
  29 moths of wrath
  5 eyes of devastation
  3 smoke demons
  20 vault sentinels
  A gargoyle (D:10)
  7 cane toads
  A cane toad (shapeshifter) (WizLab)
  An unseen horror (shapeshifter) (D:13)
  2 torpor snails
  An elf skeleton (Vaults:4)
  A rime drake (shapeshifter) (Vaults:5)
  A naga skeleton (Crypt:2)
  4 unseen horrors
  A komodo dragon (shapeshifter) (WizLab)
  A hellion (Abyss:4)
  An unseen horror zombie (Crypt:2)
  A titan simulacrum (Vaults:2)
  A yaktaur (shapeshifter) (WizLab)
  20 rime drakes
  An ice devil (D:5)
  8 komodo dragons
  A tormentor (Depths:3)
  3 efreet
  8 freezing wraiths
  3 tengu conjurers
  18 yaktaurs
  An ancient zyme (Abyss:4)
  2 dryads
  2 red devils (Zot:2)
  A spectral harpy (Crypt:3)
  2 polar bears (shapeshifter)
  A pale draconian skeleton (Crypt:1)
  7 tyrant leeches
  A harpy zombie (Crypt:2)
  A merfolk (Depths:1)
  6 trolls
  A silent spectre (Abyss:4)
  A queen bee (shapeshifter) (WizLab)
  18 hornets
  A shadow dragon simulacrum (Vaults:4)
  24 tarantellas
  25 blink frogs
  16 polar bears
  Prince Ribbit (D:8)
  2 harpy skeletons (Crypt:2)
  Grinder (D:4)
  6 glass eyes
  A raiju (shapeshifter) (WizLab)
  A raiju (Abyss:4)
  A fire giant simulacrum (Depths:2)
  A dream sheep (shapeshifter) (WizLab)
  A stone giant simulacrum (Crypt:3)
  103 slime creatures
  A deep troll skeleton (Vaults:2)
  A centaur simulacrum (Crypt:3)
  3 guardian serpent skeletons (Crypt:2)
  18 wraiths
  27 jumping spiders
  2 shadows
  52 flying skulls
  25 culicivoras
  An ettin skeleton (Abyss:4)
  19 air elementals
  13 fire elementals
  A yak (shapeshifter) (WizLab)
  2 vampires (D:13)
  11 small abominations
  12 water elementals
  2 ynoxinuls
  2 basilisks (Lair:2)
  4 wyverns
  39 yaks
  4 neqoxecs (Abyss:4)
  8 golden eyes
  3 steam dragons
  A chaos spawn (Depths:4)
  2 golden eyes (shapeshifter) (WizLab)
  A redback (shapeshifter) (WizLab)
  A warg (shapeshifter) (WizLab)
  8 vampire mosquitoes
  An iron golem (WizLab)
  52 redbacks
  11 swamp worms
  4 wargs
  A merfolk zombie (Crypt:1)
  5 acid dragons
  A demonspawn skeleton (Crypt:2)
  11 water moccasins
  42 orc warriors
  An ice beast (Vaults:2)
  A black bear (Lair:4)
  A boggart (shapeshifter) (Vaults:1)
  3 swamp drakes (Swamp:4)
  A black bear (shapeshifter) (WizLab)
  21 ogres
  A snapping turtle zombie (Crypt:2)
  9 wolves
  17 centaurs
  8 boggarts
  A swamp dragon skeleton (Crypt:1)
  An elf simulacrum (Vaults:2)
  2 kobold brigands (D:9)
  11 bullfrogs
  4 necrophages (Crypt:3)
  A human skeleton (Vaults:2)
  A salamander skeleton (Crypt:2)
  2 gnoll sergeants
  2 scorpions
  8 earth elementals
  14 wights
  2 human simulacra
  A killer bee (D:8)
  3 howler monkeys
  3 electric eels
  A yak skeleton (Crypt:2)
  A howler monkey (shapeshifter) (WizLab)
  8 jellies (D:6)
  A centaur zombie (Crypt:2)
  9 crimson imps (D:10)
  A quasit (Abyss:4)
  A bullfrog zombie (Crypt:1)
  8 hounds
  46 orc priests
  Ijyb (D:3)
  A sleepcap (D:8)
  3 iguanas
  33 orc wizards
  A lightning spire (Depths:4)
  4 hell rats (Lair:5)
  9 gnolls
  3 adders (shapeshifter)
  6 adders
  A river rat (shapeshifter) (WizLab)
  A shadow imp (D:7)
  4 white imps
  2 ufetubi (D:6)
  A worm (D:3)
  3 dart slugs
  89 orcs
  4 bats
  23 endoplasms
  2 endoplasms (shapeshifter)
  2 giant cockroaches (shapeshifter)
  4 giant cockroaches
  7 goblins
  8 hobgoblins
  6 jackals
  4 quokkas
  A ball python (shapeshifter) (Elf:3)
  12 ball pythons
  5 frilled lizards
  A jackal skeleton (Crypt:1)
  13 kobolds
  An orc skeleton (Crypt:2)
  An orc zombie (Crypt:1)
  11 rats
  2 rats (shapeshifter)
  A spectral goblin (D:10)
2694 creatures vanquished.

Vanquished Creatures (collateral kills)
  A juggernaut (Depths:4)
  the Lernaean hydra (Swamp:4)
  A Killer Klown (Zot:5)
  Jorgrun (D:15)
  An Orb Guardian (Zot:5)
  A walking earthen tome (Depths:4)
  Roxanne (D:15)
  A fire giant (Vaults:4)
  Louise (Swamp:1)
  An emperor scorpion (Spider:4)
  A ghost moth (Zot:5)
  A very ugly thing (Depths:4)
  An eleionoma (Swamp:4)
  A green draconian (Zot:2)
  An ettin (D:15)
  A rakshasa (D:15)
  3 hydras
  A jorogumo (Spider:4)
  A vault guard (Vaults:1)
  A ghost crab (Swamp:4)
  A spriggan air mage (Depths:4)
  A deep troll earth mage (Vaults:4)
  2 spriggans (Swamp:1)
  A large abomination (Depths:4)
  A swamp dragon (Swamp:4)
  2 spriggan druids
  An orb spider (Spider:4)
  2 bog bodies (Swamp:1)
  A wolf spider (Spider:4)
  3 unseen horrors (Depths:4)
  2 hornets
  2 chaos spawn (Depths:4)
  2 swamp worms
  2 vampire mosquitoes (Swamp:1)
  A warg (shapeshifter) (D:15)
  A swamp drake (Swamp:4)
  2 small abominations (Depths:4)
49 creatures vanquished.

Vanquished Creatures (others)
  A pandemonium lord (D:14)
  A jiangshi (Crypt:3)
  A spriggan air mage (Depths:4)
  2 vault guards (Vaults:1)
  A boulder beetle (D:13)
  A shadow demon (D:14)
  A swamp dragon (Swamp:4)
  A deep elf pyromancer (Elf:1)
  2 deep elf zephyrmancers (Elf:2)
  A rime drake (IceCv)
  A tengu conjurer (D:12)
  4 bloated husks
  A tyrant leech (Swamp:3)
  An air elemental (Elf:1)
  2 spriggans
  A vampire mosquito (Swamp:1)
  3 swamp worms
  A scorpion (D:5)
  3 orc priests
  An orc wizard (Vaults:5)
  3 lightning spires (Depths:4)
  20 foxfires
53 creatures vanquished.

Grand Total: 2796 creatures vanquished

Notes
Turn   | Place    | Note
-------+----------+-------------------------------------------
     0 | D:1      | inmateoo the Gargoyle Fighter began the quest for the Orb.
     0 | D:1      | Reached XP level 1. HP: 14/14 MP: 1/1
    90 | D:1      | Reached XP level 2. HP: 17/19 MP: 2/2
   466 | D:1      | Reached XP level 3. HP: 22/23 MP: 3/3
   903 | D:2      | Reached skill level 3 in Maces & Flails
   906 | D:2      | Reached XP level 4. HP: 25/29 MP: 4/4
  1733 | D:3      | Identified the +1 ring mail "Ovve" {Rampage rN+ Int-4
                  | Dex+3}
  1791 | D:3      | Noticed Ijyb
  1830 | D:3      | Killed Ijyb
  1831 | D:3      | Reached XP level 5. HP: 33/33 MP: 5/5
  2095 | D:4      | Found Vuyd's Jewellery Boutique.
  2107 | D:4      | Noticed Grinder
  2117 | D:4      | Paralysed by Grinder for 5 turns
  2135 | D:4      | Killed Grinder
  2136 | D:4      | Reached skill level 4 in Maces & Flails
  2136 | D:4      | Reached skill level 1 in Dodging
  2136 | D:4      | Reached XP level 6. HP: 38/39 MP: 6/6
  2191 | D:4      | Reached XP level 7. HP: 28/44 MP: 7/7
  2643 | D:5      | Entered Level 5 of the Dungeon
  2664 | D:5      | Found a sacrificial altar of Ru.
  2667 | D:5      | Reached skill level 5 in Maces & Flails
  2808 | D:5      | Reached skill level 5 in Armour
  2814 | D:5      | Reached skill level 5 in Fighting
  2825 | D:5      | Reached skill level 5 in Shields
  2892 | D:5      | Reached XP level 8. HP: 31/49 MP: 8/8
  3107 | D:5      | Identified the +1 ring mail "Upuviank" {rElec Regen+}
  3216 | D:5      | Found a sparkling altar of Nemelex Xobeh.
  3648 | D:6      | Reached skill level 6 in Maces & Flails
  3822 | D:6      | Reached skill level 1 in Evocations
  4164 | D:6      | Found an ancient bone altar of Kikubaaqudgha.
  4402 | D:6      | Reached XP level 9. HP: 55/55 MP: 9/9
  4488 | D:6      | Reached skill level 7 in Maces & Flails
  4515 | D:6      | Found a broken altar of Ashenzari.
  4519 | D:6      | Found a burning altar of Makhleb.
  4538 | D:6      | Found a glowing silver altar of Zin.
  4701 | D:7      | Noticed a boulder beetle
  4706 | D:7      | Found a transporter.
  4706 | D:7      | Found a transporter.
  4708 | D:7      | Found a stormy altar of Qazlal.
  4820 | D:7      | Found a staircase to the Ecumenical Temple.
  4821 | D:7      | Found Idoaw's Antique Weapon Boutique.
  4829 | D:7      | Bought a bloodstained mace for 248 gold pieces
  4829 | D:7      | Identified the +5 mace of Assumimp {protect, Will- Str+3
                  | Dex+2} (You bought it in a shop on level 7 of the Dungeon)
  5684 | D:8      | Noticed Prince Ribbit
  5701 | D:8      | Killed Prince Ribbit
  5989 | D:8      | Reached skill level 8 in Maces & Flails
  5989 | D:8      | Reached XP level 10. HP: 49/61 MP: 10/10
  6045 | D:8      | Noticed Erica
  6056 | D:8      | Killed Erica
  6218 | D:8      | Killed an unseen horror
  6635 | D:9      | Found a glowing golden altar of the Shining One.
  7144 | D:9      | Reached skill level 9 in Maces & Flails
  7448 | D:9      | Became a worshipper of the Shining One
  7485 | D:10     | Entered Level 10 of the Dungeon
  7585 | D:10     | Found a staircase to the Orcish Mines.
  7919 | D:10     | Noticed an oklob plant
  7964 | D:10     | Noticed an oklob plant
  8029 | D:10     | Noticed a gargoyle
  8036 | D:10     | Killed a gargoyle
  8037 | D:10     | Reached skill level 1 in Invocations
  8037 | D:10     | Reached XP level 11. HP: 42/68 MP: 11/11
  8047 | D:10     | Reached skill level 5 in Dodging
  8138 | D:10     | Found a staircase to the Lair.
  8436 | D:10     | Reached * piety under the Shining One
  8596 | D:10     | Found a hazy altar of Hepliaklqana.
  8806 | D:10     | Killed an oklob plant
  8848 | D:10     | Killed an oklob plant
  9048 | D:11     | Noticed a cyclops
  9057 | D:11     | Killed a cyclops
  9292 | D:11     | Noticed a cyclops
  9300 | D:11     | Killed a cyclops
  9301 | D:11     | Reached skill level 10 in Maces & Flails
  9752 | D:11     | Noticed a manticore
  9763 | D:11     | Killed a manticore
  9982 | D:11     | Noticed a skeletal warrior
  9984 | D:11     | Noticed a skeletal warrior
 10007 | D:10     | Killed a skeletal warrior
 10007 | D:10     | Reached ** piety under the Shining One
 10192 | D:10     | Killed a skeletal warrior
 10286 | D:11     | Noticed a skeletal warrior
 10314 | D:10     | Killed a skeletal warrior
 10468 | D:11     | Noticed a deep troll earth mage
 10589 | D:10     | Killed a deep troll earth mage
 10679 | D:11     | Reached XP level 12. HP: 73/76 MP: 14/14
 11073 | D:12     | Identified the serpent talisman "Gigius" {rElec rPois}
 11129 | D:12     | Reached skill level 11 in Maces & Flails
 11715 | D:13     | Noticed a centaur warrior
 11725 | D:13     | Killed a centaur warrior
 12095 | D:13     | Noticed a tengu warrior
 12096 | D:13     | Noticed a centaur warrior
 12096 | D:13     | Noticed a two-headed ogre
 12097 | D:13     | Noticed a two-headed ogre
 12267 | Lair:1   | Entered Level 1 of the Lair of Beasts
 12323 | Lair:1   | Reached skill level 5 in Invocations
 13296 | Lair:2   | Reached *** piety under the Shining One
 13300 | Lair:2   | Noticed a six-headed hydra
 13301 | Lair:2   | Noticed a six-headed hydra
 13575 | Lair:2   | Killed a six-headed hydra
 13576 | Lair:2   | Reached skill level 10 in Fighting
 13699 | Lair:2   | Killed a six-headed hydra
 13700 | Lair:2   | Reached skill level 10 in Armour
 13700 | Lair:2   | Reached XP level 13. HP: 34/82 MP: 17/17
 13704 | Lair:2   | Reached skill level 12 in Maces & Flails
 13979 | Lair:2   | Found a staircase to the Swamp.
 14016 | Lair:2   | Found a hole to the Spider Nest.
 14346 | Lair:3   | Identified the +0 leather armour of Darkness {SInv Stlth+}
 14571 | Lair:3   | Reached skill level 10 in Shields
 14657 | Lair:3   | Found the +2 shield of Resistance {rF++ rC++ Will++}
 15222 | Lair:4   | Found a viscous altar of Jiyva.
 15222 | Lair:4   | Found a staircase to the Slime Pits.
 15234 | Lair:4   | Found a runed translucent door.
 15234 | Lair:4   | Noticed Noful's ghost (journeyman TrFi)
 16495 | Lair:5   | Entered Level 5 of the Lair of Beasts
 16506 | Lair:5   | Noticed Urug
 16764 | Lair:3   | Killed Urug
 17170 | Lair:5   | Reached skill level 13 in Maces & Flails
 17380 | Lair:5   | Reached **** piety under the Shining One
 17465 | Lair:5   | Gained mutation: Your large and strong wings let you fly.
                  | [Gargoyle growth]
 17465 | Lair:5   | Reached XP level 14. HP: 48/88 MP: 19/19
 19179 | Lair:5   | Identified the +4 ring mail "Toury" {rF+ rC++ rN+ Dex-3}
 19911 | D:13     | HP: 1/90 [centaur warrior/arrow (9)]
 20852 | D:13     | Found a gate to the Vaults.
 20956 | D:13     | Reached skill level 14 in Maces & Flails
 21254 | D:14     | Noticed Snorg
 21285 | D:13     | Killed Snorg
 22170 | D:14     | You are sucked into a shaft and drop 1 floor!
 22170 | D:15     | Entered Level 15 of the Dungeon
 22204 | D:15     | Noticed Jorgrun
 22226 | D:15     | Reached ***** piety under the Shining One
 22241 | D:15     | Noticed Roxanne
 22276 | D:15     | Reached XP level 15. HP: 44/96 MP: 21/21
 22633 | D:14     | Found an ancient bone altar of Kikubaaqudgha.
 22996 | D:15     | Noticed Josephine
 23017 | D:15     | Killed Josephine
 23237 | D:15     | Killed Jorgrun
 23421 | D:15     | Found a staircase to the Depths.
 23637 | D:15     | Noticed Nessos
 23656 | D:15     | Killed Nessos
 23870 | Orc:1    | Entered Level 1 of the Orcish Mines
 24352 | Orc:1    | Found Soraak's Distillery.
 24361 | Orc:1    | Bought a potion of heal wounds for 70 gold pieces
 24361 | Orc:1    | Bought a potion of curing for 42 gold pieces
 24478 | Orc:1    | Noticed Erolcha
 24490 | Orc:1    | Killed Erolcha
 24715 | Orc:2    | Entered Level 2 of the Orcish Mines
 24767 | Orc:2    | Reached skill level 15 in Maces & Flails
 24930 | Orc:2    | Noticed an orc warlord
 24932 | Orc:2    | Found a staircase to the Elven Halls.
 25089 | Orc:1    | HP: 1/97 [orc warlord/+2 dire flail of protection (16)]
 25091 | Orc:1    | Killed an orc warlord
 25802 | Orc:2    | Reached ****** piety under the Shining One
 25938 | Orc:2    | Found Fuaptova's General Store.
 25941 | Orc:2    | Found Cataeruv's General Store.
 25942 | Orc:2    | Found Fiseycam's Magic Scroll Boutique.
 25946 | Orc:2    | Found Mirphue's General Store.
 25950 | Orc:2    | Bought a potion of might for 48 gold pieces
 25951 | Orc:2    | Bought a scroll of blinking for 120 gold pieces
 25951 | Orc:2    | Bought a scroll of teleportation for 48 gold pieces
 25951 | Orc:2    | Bought a scroll of teleportation for 48 gold pieces
 25951 | Orc:2    | Bought a scroll of identify for 32 gold pieces
 25951 | Orc:2    | Bought a scroll of identify for 32 gold pieces
 25952 | Orc:2    | Bought 2 scrolls of acquirement for 1456 gold pieces
 26125 | Orc:2    | Acquired a +0 cloak of willpower
 26137 | Orc:2    | Acquired a manual of Fighting
 26214 | Swamp:1  | Entered Level 1 of the Swamp
 26482 | Swamp:1  | Noticed Louise
 26496 | Swamp:1  | Killed Louise
 26501 | Swamp:1  | Reached XP level 16. HP: 88/103 MP: 16/23
 26532 | Swamp:1  | Found a blossoming altar of Fedhas.
 26680 | Swamp:1  | Noticed a fenstrider witch
 26687 | Swamp:1  | Killed a fenstrider witch
 26690 | Swamp:1  | Reached skill level 10 in Invocations
 26827 | Swamp:1  | Noticed a fenstrider witch
 26833 | Swamp:1  | Killed a fenstrider witch
 27644 | Swamp:3  | Reached skill level 16 in Maces & Flails
 27832 | Swamp:3  | Noticed a thorn hunter
 27838 | Swamp:3  | Killed a thorn hunter
 28209 | Swamp:4  | Entered Level 4 of the Swamp
 28870 | Swamp:4  | Reached XP level 17. HP: 112/112 MP: 25/25
 29134 | Swamp:4  | Noticed the 27-headed Lernaean hydra
 29267 | Swamp:4  | Killed the 27-headed Lernaean hydra
 29455 | Swamp:4  | Got a decaying rune of Zot
 29622 | Spider:1 | Entered Level 1 of the Spider Nest
 29779 | Spider:1 | Reached skill level 15 in Fighting
 29784 | Spider:1 | Reached skill level 10 in Dodging
 29925 | Spider:1 | Found a transporter.
 29928 | Spider:1 | Noticed dannycarnage's ghost (adept FeSu)
 30148 | Spider:1 | Found a transporter.
 30383 | Spider:1 | Reached skill level 17 in Maces & Flails
 32813 | Spider:3 | Reached XP level 18. HP: 120/120 MP: 13/26
 33635 | Spider:4 | Entered Level 4 of the Spider Nest
 33652 | Spider:4 | Identified the ring of Free Will {rC+ Str+3 Dex+2}
 34430 | Spider:4 | Reached skill level 18 in Maces & Flails
 34460 | Spider:4 | Got a gossamer rune of Zot
 35187 | D:15     | Killed Roxanne
 35284 | Depths:1 | Entered Level 1 of the Depths
 35816 | Depths:1 | Found a gateway to Hell.
 35964 | Depths:1 | Reached skill level 15 in Armour
 36578 | Depths:1 | Reached XP level 19. HP: 128/128 MP: 28/28
 36683 | Depths:1 | Found Hiqoonie's Mass Market.
 37085 | Vaults:1 | Entered Level 1 of the Vaults
 37568 | Vaults:1 | Found a portal to a secret trove of treasure.
 37593 | Vaults:1 | Found Jithri's Jewellery Shoppe.
 37743 | Vaults:1 | Reached skill level 15 in Shields
 37783 | Vaults:1 | Found Ylemn's Jewellery Emporium.
 37901 | Vaults:1 | Found Otuaxkali's Armour Shoppe.
 38016 | Vaults:1 | Found Oziekh's Armour Shoppe.
 38477 | Vaults:1 | Reached skill level 19 in Maces & Flails
 38820 | Vaults:1 | Identified the +7 falchion "Aphu Mei" {flame, Will++ Str-4}
 39260 | Elf:1    | Entered Level 1 of the Elven Halls
 39264 | Elf:1    | Noticed Asterion
 39292 | Elf:1    | Killed Asterion
 39407 | Elf:1    | Paralysed by an air elemental for 1 turns
 39410 | Elf:1    | Paralysed by an air elemental for 1 turns
 39418 | Elf:1    | Paralysed by an air elemental for 1 turns
 39425 | Elf:1    | Paralysed by an air elemental for 1 turns
 39514 | Elf:1    | Identified the +5 quarterstaff of an ice cave {heavy, *Slow
                  | Will+ SInv Stlth+}
 39618 | Elf:1    | Reached XP level 20. HP: 137/137 MP: 30/30
 39933 | Elf:1    | Found a shimmering blue altar of Sif Muna.
 40277 | Elf:2    | Paralysed by an air elemental for 1 turns
 40281 | Elf:2    | Paralysed by an air elemental for 1 turns
 40290 | Elf:2    | Paralysed by an air elemental for 1 turns
 40720 | Elf:2    | Found a huge runed translucent gate.
 40720 | Elf:2    | Found a huge runed translucent gate.
 40720 | Elf:2    | Found a huge runed translucent gate.
 40720 | Elf:2    | Found a huge runed translucent gate.
 40720 | Elf:2    | Found a huge runed translucent gate.
 40807 | Elf:2    | Got Roxanne's Guidebook on Earth
 40932 | Elf:2    | Got the Secrets of Hypothermia
 41376 | Abyss:4  | Cast into level 4 of the Abyss (+1 lajatang of distortion)
 41438 | Abyss:4  | Gained mutation: You are weak. (Str -2) [a neqoxec]
 41442 | Abyss:4  | Gained mutation: Your body sometimes deteriorates upon
                  | taking damage. [a neqoxec]
 41479 | Abyss:4  | Reached skill level 20 in Maces & Flails
 41494 | Elf:2    | Escaped the Abyss
 41544 | Elf:1    | Lost mutation: Your body sometimes deteriorates upon taking
                  | damage. [potion of mutation]
 41544 | Elf:1    | Lost mutation: You are weak. (Str -2) [potion of mutation]
 41544 | Elf:1    | Gained mutation: You have very sharp teeth. [potion of
                  | mutation]
 41544 | Elf:1    | Gained mutation: You are strong-willed. (Will+) [potion of
                  | mutation]
 41544 | Elf:1    | Gained mutation: Your spells are a little harder to cast,
                  | but a little more powerful. [potion of mutation]
 41642 | Elf:2    | Noticed Zenata
 41668 | Elf:2    | Killed Zenata
 42119 | Elf:3    | Entered Level 3 of the Elven Halls
 42155 | Elf:3    | Found Bolothykk's Magic Scroll Shop.
 42166 | Elf:3    | Bought a scroll of teleportation for 42 gold pieces
 42166 | Elf:3    | Bought a scroll of fear for 56 gold pieces
 42229 | Elf:3    | Paralysed by an air elemental for 1 turns
 42255 | Elf:3    | Found a frozen archway.
 42301 | IceCv    | Entered an ice cave
 42319 | IceCv    | Reached XP level 21. HP: 144/144 MP: 31/31
 42770 | IceCv    | Noticed a shard shrike
 42793 | IceCv    | Killed a shard shrike
 43117 | Elf:3    | Found Wugas's Weapon Shoppe.
 43306 | Elf:3    | Found Ciym's General Store.
 43315 | Elf:3    | Bought a scroll of fear for 76 gold pieces
 43315 | Elf:3    | Bought a scroll of fear for 76 gold pieces
 43315 | Elf:3    | Found Geab's Distillery.
 43319 | Elf:3    | Bought a potion of curing for 45 gold pieces
 43319 | Elf:3    | Bought a potion of curing for 45 gold pieces
 43319 | Elf:3    | Bought a potion of mutation for 120 gold pieces
 43319 | Elf:3    | Bought a potion of resistance for 150 gold pieces
 43323 | Elf:3    | Paralysed by an air elemental for 1 turns
 43355 | Elf:3    | Paralysed by an air elemental for 1 turns
 43451 | Elf:3    | Found Zucutos's Antique Armour Emporium.
 43723 | Elf:3    | Identified the +7 trident of Oily Blind Justice {freeze,
                  | +Blink rN+ Str+7 Dex-3}
 44742 | Elf:3    | Identified the +2 halberd of Compound Interest {drain,
                  | rPois rC+ Int+5 Dex-3}
 44742 | Elf:3    | Identified the ring "Hifedein" {Ice Str-3 Int+6}
 44934 | Elf:3    | Identified the +5 falchion "Yvvufuni" {flame, Fragile rPois
                  | Will+}
 45043 | Elf:3    | Identified the +7 chain mail "Teedgh" {Regen+}
 45045 | Elf:3    | Identified the +10 sling of Teugrarch {freeze, +Blink Fly}
 45429 | Depths:2 | Found a magical portal.
 45454 | WizLab   | Entered Cigotuvi's Fleshworks
 45821 | WizLab   | Reached skill level 15 in Invocations
 45998 | WizLab   | Found the -2 hat of the Alchemist {rElec rPois rF+ rC+ rN+
                  | Will+ rMut rCorr}
 46099 | WizLab   | Reached skill level 21 in Maces & Flails
 46778 | Depths:2 | Reached XP level 22. HP: 105/152 MP: 33/33
 46852 | Depths:2 | Found a one-way gateway to a ziggurat.
 46990 | Depths:2 | Found a one-way gate to the infinite horrors of the Abyss.
 47001 | Depths:2 | Found a one-way gate leading to the halls of Pandemonium.
 47446 | Depths:2 | You are sucked into a shaft and drop 2 floors!
 47446 | Depths:4 | Entered Level 4 of the Depths
 47555 | Depths:4 | Found a runed translucent door.
 47595 | Depths:4 | Found a flickering gateway to a bazaar.
 47603 | Bazaar   | Entered a bazaar
 47609 | Bazaar   | Found Nineikk's Jewellery Shop.
 47609 | Bazaar   | Found Feogio's Book Boutique.
 48114 | Depths:4 | Identified the staff of Mutilation {rElec rN+ Will+ Dex+5
                  | Air}
 48296 | Depths:4 | Noticed Margery
 48367 | Depths:4 | Killed Margery
 48436 | Depths:4 | Found a gate to the Realm of Zot.
 48671 | Depths:4 | Identified the +0 ring mail of the Countless Knives {rCorr
                  | Stlth+}
 48786 | Depths:4 | Noticed a juggernaut
 48825 | Depths:4 | Killed a juggernaut
 49265 | Depths:4 | Paralysed by an air elemental for 1 turns
 49270 | Depths:4 | Paralysed by an air elemental for 1 turns
 49277 | Depths:4 | Paralysed by an air elemental for 1 turns
 49283 | Depths:4 | Paralysed by an air elemental for 1 turns
 49288 | Depths:4 | Paralysed by an air elemental for 1 turns
 49293 | Depths:4 | Paralysed by an air elemental for 1 turns
 49302 | Depths:4 | Paralysed by an air elemental for 1 turns
 49307 | Depths:4 | HP: 6/153 [spriggan rider/+0 spear of electrocution (13)]
 49335 | Depths:4 | Paralysed by an air elemental for 1 turns
 49732 | Depths:2 | Acquired the ring "Rouch" {Str+3 Dex+6 Stlth+}
 50546 | Depths:3 | Reached XP level 23. HP: 151/158 MP: 34/34
 50723 | Depths:3 | Reached skill level 22 in Maces & Flails
 50966 | Depths:3 | Noticed Frederick
 50992 | Depths:3 | Killed Frederick
 51099 | Depths:3 | Noticed Mara
 51129 | Depths:3 | Noticed inmateoo's illusion
 51139 | Depths:3 | Killed Mara
 51194 | Depths:3 | Noticed a golden dragon
 51211 | Depths:3 | Killed a golden dragon
 51255 | Depths:3 | Got the Teachings on Fey Company
 51333 | Depths:3 | Found the +10 Black Knight's barding {ponderous, rPois rN+}
 51339 | Depths:3 | Identified the +1 shortbow of Inext {heavy, *Slow rC+ MP+9}
 52114 | Vaults:2 | Found a staircase to the Crypt.
 52290 | Vaults:2 | Found Poxurph's General Store.
 52427 | Vaults:2 | Found Cechoy's Distillery.
 52433 | Vaults:2 | Bought a potion of curing for 45 gold pieces
 52433 | Vaults:2 | Bought a potion of curing for 45 gold pieces
 52433 | Vaults:2 | Bought a potion of curing for 45 gold pieces
 52433 | Vaults:2 | Bought a potion of haste for 150 gold pieces
 52541 | Vaults:2 | Found Vipos's Book Shop.
 52650 | Vaults:2 | Found Gaklodi's Jewellery Shop.
 52750 | Vaults:2 | Identified the ring "Codoloeq" {rF+ rN+}
 53327 | Vaults:2 | Found Xydudded's General Store.
 53550 | Vaults:3 | You are sucked into a shaft and drop 1 floor!
 53944 | Vaults:4 | Reached XP level 24. HP: 163/166 MP: 35/35
 54109 | Vaults:4 | Found Uviploq's Armour Shoppe.
 54639 | Vaults:3 | Found Jareemio's Armour Boutique.
 54660 | Vaults:3 | Reached skill level 23 in Maces & Flails
 54899 | Vaults:3 | Found Qicsij's Antique Weapon Emporium.
 55045 | Vaults:3 | Acquired 579 gold pieces
 55541 | Vaults:3 | HP: 7/166 [deep troll[an ironbound preserver] (22)]
 55770 | Vaults:3 | Found Hefyfav's General Store.
 55778 | Vaults:3 | Bought a scroll of fear for 72 gold pieces
 55778 | Vaults:3 | Bought a scroll of fear for 72 gold pieces
 56942 | Crypt:1  | Entered Level 1 of the Crypt
 57350 | Crypt:1  | Noticed Grunn
 57368 | Crypt:1  | Killed Grunn
 57663 | Crypt:1  | Identified the serpent talisman of Privacy {Int+6 Dex-3}
 57663 | Crypt:1  | Noticed Aizul
 57691 | Crypt:1  | Killed Aizul
 57822 | Abyss:4  | Cast into level 4 of the Abyss (skeletal warrior)
 57855 | Abyss:4  | Found a corrupted altar of Lugonu.
 57890 | Abyss:4  | Found a corrupted altar of Lugonu.
 57961 | Abyss:4  | Paralysed by an air elemental for 1 turns
 57987 | Abyss:4  | Got an abyssal rune of Zot
 58109 | Crypt:2  | Escaped the Abyss
 58125 | Crypt:2  | Reached XP level 25. HP: 172/172 MP: 35/35
 58330 | Crypt:2  | Noticed an ancient lich
 58347 | Crypt:2  | Killed an ancient lich
 58532 | Crypt:2  | Identified the +0 cloak of Tender Moments {Harm rC++ Str-2
                  | Slay+3}
 58605 | Crypt:2  | Found an ancient bone altar of Kikubaaqudgha.
 59088 | Crypt:2  | Reached skill level 24 in Maces & Flails
 59183 | Crypt:2  | Identified the staff of Golden Defence {rElec rC+ rCorr
                  | Air}
 59185 | Crypt:2  | Identified the ring of Yredelemnul's Whim {rPois rF- Slay+3
                  | SInv}
 59188 | Crypt:2  | Identified the +2 robe "Vepn" {Int+7}
 59195 | Crypt:2  | Identified the +0 ring mail "Ipradd" {rCorr Dex-3 Stlth+}
 59573 | Crypt:3  | Entered Level 3 of the Crypt
 59812 | Crypt:3  | Found an ancient bone altar of Kikubaaqudgha.
 59827 | Crypt:3  | Noticed Mennas
 60043 | Crypt:3  | Killed Mennas
 60148 | Crypt:3  | Noticed Jory
 60168 | Crypt:3  | Killed Jory
 60185 | Crypt:3  | Reached skill level 15 in Dodging
 60448 | Crypt:3  | Identified the ring "Ettiq" {rC+ rN+ Str+2 Dex+3}
 60448 | Crypt:3  | Identified the ring of Wauklaps {rF+ rN+}
 60455 | Crypt:3  | Acquired 756 gold pieces
 60518 | Crypt:3  | Found a staircase to the Tomb.
 60547 | Crypt:3  | Identified the +10 great mace of Law {venom, Fly rN+ Str+3
                  | Dex-5}
 60654 | Crypt:3  | Reached XP level 26. HP: 180/180 MP: 36/36
 61174 | Vaults:5 | Entered Level 5 of the Vaults
 61176 | Vaults:5 | Noticed an ancient lich
 61197 | Vaults:4 | Killed an ancient lich
 61349 | Vaults:4 | HP: 9/180 [titan (32)]
 62253 | Vaults:5 | Identified the +9 glaive of Daonall {antimagic, *Slow Int+8
                  | Dex+7}
 62330 | Vaults:5 | Identified the +6 halberd of Fasuim {freeze, rC+ Dex+2
                  | SInv}
 62596 | Vaults:5 | Reached skill level 25 in Maces & Flails
 62924 | Vaults:5 | Got Yptuitef's Cyclopedia of the Autopsy and the Gift
 63327 | Vaults:5 | Got a silver rune of Zot
 63815 | Slime:1  | Entered Level 1 of the Pits of Slime
 64404 | Slime:1  | Reached XP level 27. HP: 131/188 MP: 21/36
 66619 | Slime:5  | Entered Level 5 of the Pits of Slime
 67139 | Slime:5  | Noticed the Royal Jelly
 67157 | Slime:5  | Killed the Royal Jelly
 67322 | Slime:5  | Identified the staff of Wiyn {rF++ rN+ Will- Necro}
 67326 | Slime:5  | Got a slimy rune of Zot
 67341 | Slime:5  | Identified the staff of Sufficient Absolution {Fly rN+
                  | Stlth- Necro Tmut}
 67519 | Slime:5  | Identified the staff of Misery {rElec Tloc Air}
 67686 | Slime:5  | Acquired 1027 gold pieces
 67982 | Zot:1    | Entered Level 1 of the Realm of Zot
 68433 | Orc:2    | Bought a scroll of blinking for 90 gold pieces
 68433 | Orc:2    | Bought a scroll of enchant weapon for 90 gold pieces
 68433 | Orc:2    | Bought 2 potions of might for 96 gold pieces
 68598 | Spider:1 | Killed dannycarnage's ghost
 68630 | Spider:1 | Identified the amulet "Etiporon" {RegenMP rC+ Str+3 SInv}
 68654 | Spider:1 | Identified the ring of Gauch {rN+ Str+6 Dex+2}
 68666 | Spider:1 | Identified a +9 morningstar of holy wrath (a +8 heavy
                  | morningstar blessed by the Shining One)
 68666 | Spider:1 | Received a gift from the Shining One
 69217 | Zot:1    | Reached skill level 26 in Maces & Flails
 69418 | Zot:1    | You are sucked into a shaft and drop 1 floor!
 69804 | Zot:2    | Noticed an orb of fire
 69822 | Zot:2    | Killed an orb of fire
 71099 | Zot:3    | Noticed an orb of fire
 71103 | Zot:3    | Noticed an ancient lich
 71381 | Vaults:1 | You paid a toll of +3 gold dragon scales to enter a
                  | treasure trove
 71382 | Trove    | Entered a treasure trove
 71432 | Trove    | Identified the +3 pair of gloves of Faucegh {rPois}
 71433 | Trove    | Identified the orb "Gixtakhi" {light, rN+}
 71435 | Trove    | Identified the +1 pair of gloves of Shrieking Liberty {rC+}
 71438 | Trove    | Identified the +4 leather armour of Feuf {Int+5 Dex+4}
 72378 | Zot:3    | Noticed an orb of fire
 72379 | Zot:3    | Found a radiant altar of Vehumet.
 72379 | Zot:3    | Identified the ring of Divine Compulsion {+Blink Str+3
                  | Slay+4}
 72379 | Zot:3    | Identified the +1 cloak of the Seven Princes {SInv}
 72379 | Zot:3    | Identified the ring of Xusiet {rPois rF+ Will+ Int+3 Dex+6}
 72385 | Zot:3    | Noticed an ancient lich
 72396 | Zot:3    | Found a transporter.
 72860 | Zot:3    | Noticed an orb of fire
 72886 | Zot:3    | Gained mutation: You are vulnerable to cold. (rC-) [an orb
                  | of fire]
 72887 | Zot:3    | Killed an orb of fire
 73449 | Zot:4    | Identified the +9 plate armour of Integrity {rElec rC-
                  | Dex+4}
 74101 | Zot:5    | Entered Level 5 of the Realm of Zot
 74328 | Zot:5    | Reached skill level 27 in Maces & Flails
 75262 | Zot:5    | Noticed an orb of fire
 75296 | Zot:5    | Noticed a dread lich
 75307 | Zot:5    | Killed a dread lich
 75517 | Zot:5    | Gained mutation: You are clumsy. (Dex -2) [mutagenic glow]
 75531 | Zot:5    | Gained mutation: You occasionally lose the ability to drink
                  | potions when taking damage. [mutagenic glow]
 75615 | Zot:5    | Noticed an orb of fire
 75624 | Zot:5    | Gained mutation: Your magical capacity is low. (-10% MP)
                  | [an orb of fire]
 75652 | Zot:5    | Killed an orb of fire
 75688 | Zot:5    | Lost mutation: You are strong-willed. (Will+) [potion of
                  | mutation]
 75688 | Zot:5    | Lost mutation: Your spells are a little harder to cast, but
                  | a little more powerful. [potion of mutation]
 75688 | Zot:5    | Lost mutation: You occasionally lose the ability to drink
                  | potions when taking damage. [potion of mutation]
 75688 | Zot:5    | Gained mutation: You occasionally shout uncontrollably at
                  | your foes. [potion of mutation]
 75689 | Zot:5    | Lost mutation: You occasionally shout uncontrollably at
                  | your foes. [potion of mutation]
 75689 | Zot:5    | Lost mutation: You are vulnerable to cold. (rC-) [potion of
                  | mutation]
 75689 | Zot:5    | Lost mutation: You have very sharp teeth. [potion of
                  | mutation]
 75843 | Zot:5    | Noticed an orb of fire
 75857 | Zot:5    | Killed an orb of fire
 75883 | Zot:5    | Noticed an orb of fire
 75893 | Zot:5    | Killed an orb of fire
 75970 | Zot:5    | Noticed an ancient lich
 75976 | Zot:5    | Killed an ancient lich
 76013 | Zot:5    | Noticed an orb of fire
 76020 | Zot:5    | Gained mutation: You are weak. (Str -2) [an orb of fire]
 76024 | Zot:5    | Lost mutation: You are clumsy. (Dex -2) [an orb of fire]
 76027 | Zot:5    | Gained mutation: You have hidden genetic defects. [an orb
                  | of fire]
 76030 | Zot:5    | Killed an orb of fire
 76050 | Zot:5    | Lost mutation: Your magical capacity is low. (-10% MP)
                  | [potion of mutation]
 76050 | Zot:5    | Lost mutation: You are weak. (Str -2) [potion of mutation]
 76050 | Zot:5    | Lost mutation: You have hidden genetic defects. [potion of
                  | mutation]
 76050 | Zot:5    | Gained mutation: Your spells are a little harder to cast,
                  | but a little more powerful. [potion of mutation]
 76115 | Zot:5    | Noticed an orb of fire
 76119 | Zot:5    | Noticed an ancient lich
 76127 | Zot:5    | Gained mutation: You have sharp toenails. [an orb of fire]
 76405 | Zot:5    | Killed an ancient lich
 76410 | Zot:5    | Gained mutation: You are weak. (Str -2) [an orb of fire]
 76418 | Zot:5    | Killed an orb of fire
 76563 | Zot:5    | Killed an orb of fire
 76577 | Zot:5    | Noticed an ancient lich
 76583 | Zot:5    | Killed an ancient lich
 76744 | Zot:5    | Noticed an ancient lich
 76757 | Zot:5    | Killed an ancient lich
 77156 | Zot:5    | Got the Orb of Zot
 77170 | Zot:4    | Noticed a seraph
 77192 | Zot:4    | Killed a seraph
 77297 | Zot:2    | Noticed Kitug the pandemonium lord
 77304 | Zot:2    | Killed Kitug the pandemonium lord
 77448 | Depths:1 | Noticed a seraph
 77453 | Depths:1 | Noticed Meruysh the pandemonium lord
 77464 | D:15     | Killed Meruysh the pandemonium lord
 77487 | D:14     | Noticed Ocsoq the pandemonium lord
 77494 | D:14     | Killed Ocsoq the pandemonium lord
 77705 | D:5      | Noticed Acok the pandemonium lord
 77713 | D:5      | Killed Acok the pandemonium lord
 77797 | D:$      | Escaped with the Orb!

Illustrated notes

Levels and vault maps discovered:
D:1:      roadster_arrival_rocket_small, layout_rooms, corexii_hall_statues_x
D:2:      layout_loops_cross, minmay_quantized
D:3:      layout_rooms, minmay_cupped, uniq_ijyb
D:4:      layout_cave_pools, serial_shops,
          nicolae_shop_temple_entry_statues_fountains, uniq_grinder
D:5:      minmay_diamond_boxcup, layout_rooms,
          nicolae_ru_great_annihilating_truth, nemelex_diamond_rough_becter,
          eino_small_chamber_without_monster
D:6:      lemuel_slime, layout_rooms, chequers_temple_overflow_statue_of_worship
D:7:      layout_loops_ring, gammafunk_temple_overflow_arena,
          minmay_temple_entry_mini_moons, serial_shops, shop,
          dk_rats_in_the_wall
D:8:      minmay_chambers_of_fours, layout_loops_ring, uniq_erica,
          uniq_prince_ribbit1
D:9:      layout_stronghold, amcnicky_altar_gilded
D:10:     layout_basic, nicolae_hepliaklqana_monster_ancestors,
          dpeg_oklobed_lair, hiddenorc2_lemuel, chequers_serial_rivers_micro_c,
          roderic_roman_lattice, minmay_nine_imps
D:11:     layout_basic, kennysheep_just_a_vault
D:12:     layout_loops_cross
D:13:     layout_rooms, david_vaults_5, kennysheep_opposing_triangles
D:14:     layout_roguey, nicolae_kikubaaqudgha_miasma_corner, uniq_snorg
D:15:     hangedman_depths_entry_civil_slaughter, layout_rooms,
          nicolae_twisting_strands, st_stairs_12, uniq_nessos, uniq_josephine,
          uniq_jorgrun, uniq_roxanne
Lair:1:   layout_gridlike, lemuel_fruit_fields
Lair:2:   layout_misc_corridors, skrybe_swamp_entry_bodies,
          spider_nest_entry_rubble, minmay_lindwurm_lava
Lair:3:   layout_regular_city, grunt_megastairs_1
Lair:4:   layout_layer_cave, slime_entry_1, gammafunk_ghost_grave
Lair:5:   grunt_lair_end_beastmaster, layout_regular_city, uniq_urug
Swamp:1:  layout_falls_marsh, lemuel_altar_in_water, uniq_louise
Swamp:2:  layout_falls_marsh, evilmike_swamp_ruin_house_4
Swamp:3:  layout_basic_swamp, evilmike_swamp_ruin_house_6,
          infiniplex_staircase_pool
Swamp:4:  swamp_basic_johnstein, layout_basic_swamp
Spider:1: layout_spider_delve, gammafunk_ghost_berserking_beasts,
          nicolae_spider_orb_run
Spider:2: layout_cave_pods
Spider:3: layout_spider_delve
Spider:4: spider_rune_water, hangedman_spider_tarantella_strand
Slime:1:  layout_caves, special_room [special_room_jelly]
Slime:2:  cheibrodos_slime_lost_civilization_3, layout_caves
Slime:3:  layout_caves, cheibrodos_slime_lost_civilization_6
Slime:4:  layout_caves
Slime:5:  slime_pit_nicolae_inversion
Orc:1:    lemuel_ogre_cave, layout_caves, serial_shops, shop
Orc:2:    st_orc_mages, layout_diamond_mine, uniq_erolcha
Elf:1:    eino_elf_arrival_shootout, layout_geoelf_diagonals, basic_altar,
          hangedman_elf_disciples, uniq_asterion
Elf:2:    elven_hall_of_blades_hangedman_alternative [nicolae_blade_tridents],
          layout_loops_cross, special_room [special_room_orc],
          nicolae_elf_loose_elemental_storage, uniq_zenata
Elf:3:    minmay_elf_hall_spiked, layout_gridlike,
          portal_ice_cave_entry_ugly_swarm, serial_shops, shop,
          nicolae_shop_bloodbath_and_beyond, shop,
          nicolae_twisty_statue_hallways, minmay_shop_star
Vaults:1: v_pattern_2, nicolae_vaults_stairing_the_circle,
          nicolae_vaults_hexular_roomagon, hangedman_vaults_corner,
          nicolae_vaults_gold_heap, st_greater_box_1,
          nicolae_vaults_ninety_degrees, v_misc_1, hangedman_vaults_locks,
          nicolae_vaults_trapezoid_1, nicolae_vaults_diamond_2,
          nicolae_vaults_specimen_jars, layout_vaults_maze, enter_trove_2,
          serial_shops, shop, shop, shop, shop
Vaults:2: nicolae_vaults_stepped_doors, nicolae_vaults_two_Ls,
          vaults_room_large_hall, ontoclasm_vaults_twist,
          dpeg_vaults_pockets_of_resistance, nicolae_vaults_network_star,
          v_pattern_3, minmay_crypt_entry_simple_corners,
          nicolae_vaults_network_s, ontoclasm_vaults_loading_screen,
          nicolae_vaults_sightless_eye, serial_ice_h, hangedman_vaults_capsules,
          nicolae_vaults_trapezoid_lopsided_2, ontoclasm_vaults_idyll,
          layout_vaults_omnibox, serial_shops,
          nicolae_shop_pleasant_corner_grove, shop_fountains,
          nicolae_shop_tiny_waterfront,
          nicolae_shop_temple_entry_statues_fountains,
          nicolae_shop_back_alley_shop
Vaults:3: v_rooms_5, nicolae_vaults_closet_pinwheel_5, nicolae_vaults_wrenched,
          nicolae_vaults_fighting_squares, v_misc_8, v_misc_1,
          nicolae_vaults_storage_room_statues, vaults_room_grid,
          nicolae_vaults_door_testing_chamber,
          nicolae_vaults_trapezoid_lopsided_3, nicolae_vaults_little_squares_5,
          nicolae_vaults_tetromino_L_1, layout_vaults_ring, serial_shops, shop,
          shop, shop
Vaults:4: vaults_standard_mumra_enter_the_diamond, ontoclasm_vaults_ring_square,
          nicolae_vaults_hallways_thing, nicolae_whirlpool, v_misc_33,
          nicolae_vaults_border_crossing, ontoclasm_vaults_fault,
          serial_library_hellmonk_big_corner, vaults_room_mumra_shop_pool,
          layout_vaults_omnigrid
Vaults:5
Crypt:1:  layout_chaotic_city, grunt_crypt_arrival_split, uniq_aizul, uniq_grunn
Crypt:2:  nicolae_crypt_knochenhaus, layout_gridlike, special_room
          [special_room_morgue], basic_altar, serial_sigils_hangedman_gnaw,
          nicolae_fountain_basement, lemuel_upstairs_altar
Crypt:3:  grunt_crypt_end_deaths_head, uniq_mennas
Depths:1: kennysheep_ambush_hall, layout_cave_pools, hell_entry, hex_tiny,
          minmay_shop_mass, kennysheep_generic_room_9,
          infiniplex_staircase_pool_lava
Depths:2: nicolae_terramorphic_expanse [nicolae_terramorphic_quarter,
          nicolae_terramorphic_quarter, nicolae_terramorphic_quarter,
          nicolae_terramorphic_quarter, nicolae_terramorphic_quarter,
          nicolae_terramorphic_biome, nicolae_terramorphic_biome,
          nicolae_terramorphic_biome, nicolae_terramorphic_biome], layout_basic,
          enter_ziggurat_a, hangedman_decor_points, hangedman_abyss_entry_splay,
          pan_entry, grunt_mini_vestibule, mu_enter_wizlab_6, serial_sigils,
          serial_sigils_hangedman_confine, serial_sigils_hangedman_scratch,
          minmay_crystal_room, grunt_ministairs_10, kennysheep_generic_room_15
Depths:3: minmay_fractal_lines_corner, layout_gridville, hell_entry,
          nicolae_abyss_entry_one_way_or_another, serial_bayou_pond_a,
          grunt_megastairs_2, uniq_mara, uniq_frederick
Depths:4: evilmike_zot_entry_argh, layout_cave_shapes, serial_shops,
          bzr_entry_gold, minmay_room_of_horrors, hell_entry,
          hangedman_aerie_drop, uniq_margery
Zot:1:    layout_misc_corridors, grunt_megastairs_3
Zot:2:    layout_cathedral_of_symmetry,
          regret_index_zotdec_silver_v_v_orig_slice, uniq_josephina
Zot:3:    gammafunk_sealed_library, layout_gridlike
Zot:4:    layout_basic, grunt_megastairs_4
Zot:5:    layout_gridville

Skill      XL: |  1  2  3  4  5  6  7  8  9 10 11 12 13 14 15 16 17 18 19 20 21 22 23 24 25 26 27 |
---------------+----------------------------------------------------------------------------------+-----
Maces & Flails | 3 4 5 6 8 9 10 11 13 14 15 16 17 18 19 20 21 22 23 24 25 27 | 27.0
Fighting       | 4 5 6 8 9 10 11 12 14 15 17 18 19 20 21 22 23 24 | 24.9
Armour         | 4 5 6 8 9 10 11 12 13 14 15 16 17 18 19 20 23 | 23.0
Shields        | 4 5 6 7 8 9 10 11 12 13 14 15 16 17 18 19 20 22 | 22.3
Dodging        | 1 2 3 4 5 6 7 8 9 10 11 12 13 14 15 17 | 17.5
Evocations     | 1 3 4 |  4.0
Invocations    | 1 3 5 7 8 9 10 11 12 13 14 15 16 17 18 19 21 | 21.3

Action                     |  1- 3 |  4- 6 |  7- 9 | 10-12 | 13-15 | 16-18 | 19-21 | 22-24 | 25-27 || total
---------------------------+-------+-------+-------+-------+-------+-------+-------+-------+-------++-------
  Melee: Flail             |   130 |   180 |   321 |   220 |  1919 |  2414 |  2589 |  3392 |  2675 || 13840
         Mace              |       |       |   120 |   249 |       |       |       |       |       ||   369
         Morningstar       |       |       |       |   160 |       |       |       |       |  1328 ||  1488
         Bite              |       |       |       |       |       |       |   265 |   931 |   994 ||  2190
  Throw: Throwing net      |       |       |       |       |       |       |       |     2 |       ||     2
 Invoke: Cleansing Flame   |       |       |       |       |     8 |    12 |    30 |    26 |    45 ||   121
         Summon Divine War |       |       |       |       |     2 |     6 |       |     1 |     8 ||    17
         Brand Weapon With |       |       |       |       |       |       |       |       |     1 ||     1
  Evoke: Wand              |       |       |    25 |     3 |    11 |     2 |     9 |    12 |       ||    62
    Use: Scroll            |     3 |     3 |     8 |     7 |    17 |     6 |     5 |    10 |    27 ||    86
         Potion            |       |       |       |     1 |     4 |     2 |     2 |     3 |    12 ||    24
   Stab: Invisible         |       |       |     1 |       |       |       |       |       |       ||     1
         Paralysed         |       |       |     1 |       |       |       |       |       |       ||     1
 Armour: Scale mail        |    82 |       |       |       |       |       |       |       |       ||    82
         Plate armour      |    30 |   118 |       |       |       |       |       |       |       ||   148
         Crystal plate arm |       |   117 |   552 |   814 |  1829 |  3171 |  1932 |  2432 |  2976 || 13823
  Dodge: Dodged            |    73 |    38 |    56 |   212 |   576 |  1088 |   793 |  1475 |  2091 ||  6402
  Block: Buckler           |    19 |    47 |   145 |   211 |   276 |       |       |       |       ||   698
         Kite shield       |       |       |       |       |   916 |  2706 |  2106 |  2924 |  4187 || 12839

Table legend: (Time is in decaauts)
 A = Elapsed time spent in this place.
 B = Non-inter-level travel time spent in this place.
 C = Inter-level travel time spent in this place.
 D = Time resting spent in this place.
 E = Time spent auto-exploring this place.
 F = Levels seen in this place.
 G = Mean time per level.
                   A        B        C        D        E       F      G
               +--------+--------+--------+--------+--------+-----+--------+
         Total |  74527 |  67968 |   6559 |  16207 |  29087 |  61 | 1221.8 |
       Dungeon |  19327 |  16980 |   2347 |   5889 |   6842 |  15 | 1288.5 |
          Lair |   7885 |   7020 |    865 |   2162 |   3428 |   5 | 1577.0 |
         Swamp |   3027 |   2861 |    166 |    315 |   1426 |   4 |  756.8 |
   Spider Nest |   4989 |   4755 |    234 |    891 |   1844 |   4 | 1247.2 |
    Slime Pits |   3729 |   3500 |    229 |    579 |   1754 |   5 |  745.8 |
  Orcish Mines |   2284 |   1963 |    321 |    408 |    859 |   2 | 1142.0 |
   Elven Halls |   4881 |   4708 |    173 |    985 |   1839 |   3 | 1627.0 |
        Vaults |   9439 |   8524 |    915 |   1604 |   4062 |   5 | 1887.8 |
         Crypt |   3436 |   3268 |    168 |     48 |   1698 |   3 | 1145.3 |
        Depths |   6308 |   5564 |    744 |   1142 |   1913 |   4 | 1577.0 |
           Zot |   7119 |   6727 |    392 |   1970 |   2941 |   5 | 1423.8 |
         Abyss |    340 |    340 |      0 |     19 |      0 |   2 |  170.0 |
        Bazaar |     25 |     25 |      0 |      0 |      9 |   1 |   25.0 |
         Trove |     94 |     94 |      0 |      0 |     14 |   1 |   94.0 |
      Ice Cave |    561 |    561 |      0 |      0 |    241 |   1 |  561.0 |
        Wizlab |   1075 |   1075 |      0 |    192 |    216 |   1 | 1075.0 |
               +--------+--------+--------+--------+--------+-----+--------+

Top non-repeatable levels by time:
   Zot:5: 2939 daAuts
    D:10: 2500 daAuts
    D:15: 2440 daAuts
Vaults:4: 2340 daAuts
   Elf:3: 2311 daAuts
Depths:4: 2173 daAuts
  Lair:4: 1953 daAuts
  Lair:5: 1886 daAuts
    D:11: 1866 daAuts
Vaults:1: 1860 daAuts
Vaults:3: 1858 daAuts
    D:12: 1847 daAuts
Vaults:2: 1786 daAuts
    D:13: 1775 daAuts
Spider:2: 1713 daAuts
